 Dungeon Crawl Stone Soup version 0.19.0-19-g8c6edcc (webtiles) character file.

263 GlenndL the Skirmisher (level 5, -1/45 HPs)
             Began as a Centaur Fighter on Nov 13, 2016.
             Succumbed to Edmund's poison
             ... on level 5 of the Dungeon.
             The game lasted 00:15:46 (2266 turns).

GlenndL the Skirmisher (Centaur Fighter)            Turns: 2266, Time: 00:15:47

Health: -1/45      AC:  7    Str: 20    XL:     5   Next: 97%
Magic:  5/5        EV:  6    Int:  7    God:
Gold:   221        SH:  8    Dex:  8    Spells: 0 memorised, 4 levels left

rFire  . . .     SeeInvis .     w - +0 dagger (venom)
rCold  . . .     Gourm    .     b - +0 scale mail
rNeg   . . .     Faith    .     c - +0 shield
rPois  .         Spirit   .     k - +0 helmet
rElec  .         Reflect  .     (no cloak)
rCorr  .         Harm     .     (no gloves)
MR     .....                    (no barding)
Stlth  ..........               (no amulet)
                                (no ring)
                                (no ring)

@: lethally poisoned (-1 -> -23), very quick
A: hooves 3, deformed body, speed 2, tough skin 3
a: no special abilities


You were on level 5 of the Dungeon.
You were full.

You visited 1 branch of the dungeon, and saw 5 of its levels.

You collected 221 gold pieces.

Inventory:

Hand Weapons
 a - a +0 war axe
 d - a cursed -3 mace
 r - a +0 dagger
 s - a +0 hunting sling
 w - a +0 dagger of venom (weapon)
Missiles
 e - 26 sling bullets
 h - 62 arrows
 n - 5 curare-tipped needles
 t - 42 stones (quivered)
Armour
 b - a +0 scale mail (worn)
 c - a +0 shield (worn)
 g - a +0 naga barding
 j - a cursed -1 leather armour
 k - a +0 helmet (worn)
 o - a cursed +0 scale mail
Jewellery
 p - a cursed ring of teleportation {unknown}
Scrolls
 i - 2 scrolls of identify
 q - a scroll of remove curse
 v - a scroll of magic mapping
 y - a scroll of teleportation {unknown}
Potions
 u - a potion of brilliance
Comestibles
 f - 3 bread rations
 l - a beef jerky
 m - a meat ration
 z - 2 royal jellies


   Skills:
 + Level 3.5 Fighting
 * Level 1.9 Short Blades
 - Level 3.1 Axes
 + Level 2.8 Armour
 + Level 1.2 Dodging
 + Level 0.1 Stealth
 + Level 3.0 Shields


You had 4 spell levels left.
You didn't know any spells.

Dungeon Overview and Level Annotations

Branches:
Dungeon (5/15)
 Temple: D:4-7

Altars:

Annotations:
D:5 Edmund


Innate Abilities, Weirdness & Mutations

You have hooves in place of feet.
Armour fits poorly on your strangely shaped body.
You cover ground very quickly.
You have extremely tough skin. (AC +3)


Message History

You hit Edmund but do no damage.
Edmund looks as sick as possible!
Edmund is moderately wounded.
You feel sick. Edmund closely misses you.
Your shield and scale mail prevent you from hitting Edmund.
Edmund is heavily wounded.
* * * LOW HITPOINT WARNING * * *
You feel sick. You block Edmund's attack.
You are too injured to fight recklessly!
* * * LOW HITPOINT WARNING * * *
You feel sick.
Edmund hits you with a dire flail of venom.
* * * LOW HITPOINT WARNING * * *
You are more poisoned.
You climb downwards.
* * * LOW HITPOINT WARNING * * *
You feel very sick.
There is a stone staircase leading up here.
You hit Edmund but do no damage. You kick Edmund, but do no damage.
Edmund is severely wounded.
You die...

######### #..#...#...# .
#..#...#...#
+..........##..##..#...#
#..........##..##..#...#
#......##..##..##..##..#
#......##..##..###'##..#
#......................#
#............@.........+
#............@.....)...#
#..............##..##..#
#..............##..##..#
#.........[.)...+...#..+
#......##..######...#..#
#......##†.##..##..##..#
#.......#......##..##..##.
#.......#.................


You could see Edmund.

Vanquished Creatures
  2 crimson imps (D:5)
  An orc priest (D:5)
  An orc wizard (D:3)
  A centaur skeleton (D:5)
  3 adders
  2 oozes (D:2)
  2 worms (D:2)
  A dart slug (D:2)
  3 leopard geckos
  7 orcs
  6 bats
  2 giant cockroaches (D:1)
  6 goblins
  7 hobgoblins
  5 jackals (D:3)
  2 kobolds
  A quokka (D:5)
  3 frilled lizards
  5 rats
60 creatures vanquished.

Notes
Turn   | Place    | Note
-------+----------+-------------------------------------------
     0 | D:1      | GlenndL the Centaur Fighter began the quest for the Orb.
     0 | D:1      | Reached XP level 1. HP: 19/19 MP: 1/1
   431 | D:1      | Reached XP level 2. HP: 24/26 MP: 2/2
  1067 | D:2      | Reached XP level 3. HP: 17/31 MP: 3/3
  1569 | D:3      | Found a faded altar of an unknown god.
  1674 | D:3      | Reached XP level 4. HP: 38/38 MP: 4/4
  2063 | D:3      | You fall through a shaft for 2 floors!
  2063 | D:5      | Entered Level 5 of the Dungeon
  2083 | D:5      | HP: 1/38 [orc priest/divine providence (11)]
  2084 | D:5      | Reached XP level 5. HP: 14/45 MP: 5/5
  2088 | D:5      | Reached skill level 1 in Short Blades
  2088 | D:5      | Reached skill level 1 in Dodging
  2251 | D:4      | Noticed Edmund
  2265 | D:5      | HP: 1/45 [poisoned by Edmund]
  2266 | D:5      | Succumbed to Edmund's poison

Skill      XL: |  1  2  3  4  5 |
---------------+----------------+-----
Axes           | 2 3 |  3.1
Short Blades   | 1 |  1.9
Dodging        | 1 |  1.2
Shields        | 3 |  3.0
Fighting       | |  3.5
Armour         | |  2.8
Stealth        | |  0.1

Action                   |  1- 3 |  4- 6 || total
-------------------------+-------+-------++-------
Melee: War axe           |   144 |     4 ||   148
       Kick              |    11 |    24 ||    35
       Dagger            |       |    91 ||    91
  Use: Scroll            |     6 |       ||     6
       Potion            |     1 |     3 ||     4
  Eat: Chunk             |       |     2 ||     2
       Meat ration       |       |     1 ||     1
       Pizza             |       |     1 ||     1
Armor: Scale mail        |   122 |    42 ||   164
Dodge: Dodged            |    38 |    20 ||    58
Block: Shield            |   102 |    51 ||   153
